 Dungeon Crawl Stone Soup version 0.26-a0-1086-g9010512d90 (webtiles) character file.

Game seed: 4905103027315106213

140 stormannn the Magician (level 5, -3/28 HPs)
             Began as a Deep Elf Air Elementalist on Dec 14, 2020.
             Slain by an orc priest
             ... wielding a +0 flail
              (8 damage)
             ... on level 3 of the Dungeon.
             The game lasted 00:05:44 (3196 turns).

stormannn the Magician (Deep Elf Air Elementalist)  Turns: 3196, Time: 00:05:44

Health: -3/28      AC:  3    Str:  5    XL:     5   Next: 2%
Magic:  0/13       EV: 13    Int: 21    God:
Gold:   195        SH:  4    Dex: 15    Spells: 6/12 levels left

rFire    . . .     SeeInvis .   o - +1 dagger (protect)
rCold    + . .     Faith    .   d - +0 buckler
rNeg     . . .     Spirit   .   a - +0 robe
rPois    .         Reflect  .   (no helmet)
rElec    .         Harm     .   c - +0 cloak
rCorr    .         Rampage  .   (no gloves)
Will     .....                  (no boots)
Stlth    ++........             q - amulet of the acrobat
HPRegen  0.09/turn              r - ring of protection from cold
MPRegen  0.13/turn              (no ring)

@: no status effects
A: no striking features
a: no special abilities


You were on level 3 of the Dungeon.
You visited 1 branch of the dungeon, and saw 3 of its levels.

You collected 195 gold pieces.

Inventory:

Hand Weapons
 o - a +1 dagger of protection (weapon)
Missiles
 s - 16 poisoned darts
Armour
 a - a +0 robe (worn)
 c - a +0 cloak (worn)
 d - a +0 buckler (worn)
Jewellery
 m - a +6 ring of dexterity {unknown}
 q - an amulet of the acrobat (around neck)
 r - a ring of protection from cold (left hand)
 x - an uncursed ring of fire {unknown}
Scrolls
 b - 2 scrolls of random uselessness {unknown}
 e - a scroll of blinking {unknown}
 f - a scroll of magic mapping {unknown}
 h - 4 scrolls of remove curse {unknown}
 i - 4 scrolls of identify {unknown}
 j - 2 scrolls of amnesia {unknown}
 k - a scroll of enchant armour {unknown}
 p - a scroll of enchant weapon {unknown}
 u - a scroll of fear {unknown}
 w - a scroll of fog {unknown}
Potions
 g - a potion of invisibility {unknown}
 l - a potion of attraction
 n - a potion of degeneration {unknown}
 t - a potion of ambrosia {unknown}
 v - a potion of brilliance {unknown}


   Skills:
 + Level 3.5 Dodging
 - Level 2.4 Stealth
 + Level 1.4 Shields
 + Level 4.1 Spellcasting
 + Level 2.5 Conjurations
 + Level 3.6 Air Magic


You had 6 spell levels left.
You knew the following spells:

 Your Spells              Type           Power        Failure   Level
a - Shock                 Conj/Air       ###.         4%          1
b - Swiftness             Air            ###.....     5%          2
c - Static Discharge      Conj/Air       ###.....     14%         3

Your spell library contained the following spells:

 Spells                   Type           Power        Failure   Level
 Airstrike                Air            ###.......   34%         4
 Lightning Bolt           Conj/Air       ###.......   77%         5


Dungeon Overview and Level Annotations

Branches:
Dungeon (3/15)

Altars:
Fedhas


Message History

Casting: Shock (safe; 4% risk of failure)
Confirm with . or Enter, or press ? or * to list all spells.
Aiming: Shock (safe; 4% risk of failure)
Press: ? - help, Shift-Dir - straight line, f/p - orc priest
Aim: an orc priest, wielding a +0 flail (moderately wounded, 29% to evade)
The zap hits the orc priest.
The orc priest is severely wounded.
The orc priest hits you with a +0 flail!
* * * LOW HITPOINT WARNING * * *
Casting: Shock (safe; 4% risk of failure)
Confirm with . or Enter, or press ? or * to list all spells.
Aiming: Shock (safe; 4% risk of failure)
Press: ? - help, Shift-Dir - straight line, f/p - orc priest
Aim: an orc priest, wielding a +0 flail (severely wounded, 29% to evade)
The zap hits the orc priest.
The orc priest is almost dead.
The zap hits the orc.
You kill the orc!
The orc priest hits you with a +0 flail!
You die...

####........##...#
#..#........##...#
######..#........##...#
#.......#........##...#
##.###.##........######
#.# #...........# # #.#
#..#........# #.#
#....##.##### # #<#
#@#####.# # ### #o# .#
# #†. .. # #... # #...)
#..... #....). #.......


You could see an orc priest.

Vanquished Creatures
  An orc priest (D:3)
  3 adders (D:2)
  A worm (D:2)
  5 dart slugs
  2 leopard geckos (D:3)
  2 orcs (D:3)
  5 giant cockroaches
  5 goblins
  10 hobgoblins
  9 jackals
  6 kobolds
  A quokka (D:2)
  5 bats
  5 frilled lizards
  4 rats
64 creatures vanquished.

Vanquished Creatures (others)
  7 fungi (D:2)
  A plant (D:2)
8 creatures vanquished.

Grand Total: 72 creatures vanquished

Notes
Turn   | Place    | Note
-------+----------+-------------------------------------------
     0 | D:1      | stormannn the Deep Elf Air Elementalist began the quest for
                  | the Orb.
     0 | D:1      | Reached XP level 1. HP: 10/10 MP: 6/6
   345 | D:1      | Reached XP level 2. HP: 15/15 MP: 2/8
  1414 | D:2      | Reached XP level 3. HP: 19/19 MP: 5/10
  1673 | D:2      | Reached skill level 1 in Shields
  1917 | D:2      | Reached XP level 4. HP: 20/24 MP: 7/11
  2309 | D:2      | Found a blossoming altar of Fedhas.
  2518 | D:2      | Learned a level 2 spell: Swiftness
  2522 | D:2      | Learned a level 3 spell: Static Discharge
  2889 | D:3      | Reached skill level 4 in Spellcasting
  3194 | D:3      | Reached XP level 5. HP: 12/28 MP: 3/13
  3196 | D:3      | Slain by an orc priest

Illustrated notes

Levels and vault maps discovered:
D:1:      lemuel_arrival_lava_pool, layout_loops_corners,
          roderic_serpentine_path, minmay_misc_feat_nine_boxes
D:2:      layout_loops_ring, corner_web_ring, minmay_misc_feat_secret_circle,
          fedhas_altar_3
D:3:      layout_basic, uniq_jessica

Skill      XL: |  1  2  3  4 |
---------------+-------------+-----
Dodging        | 3 |  3.5
Shields        | 1 |  1.4
Conjurations   | 2 |  2.5
Spellcasting   | 4 |  4.1
Stealth        | |  2.4
Air Magic      | |  3.6

Action                   |  1- 3 |  4- 6 || total
-------------------------+-------+-------++-------
 Cast: Shock             |    75 |    59 ||   134
  Use: Potion            |       |     2 ||     2
Armor: Robe              |     7 |     2 ||     9
Dodge: Dodged            |    13 |    16 ||    29
Block: Buckler           |     4 |     1 ||     5

Table legend: (Time is in decaauts)
 A = Elapsed time spent in this place.
 B = Non-inter-level travel time spent in this place.
 C = Inter-level travel time spent in this place.
 D = Time resting spent in this place.
 E = Time spent auto-exploring this place.
 F = Levels seen in this place.
 G = Mean time per level.
                   A        B        C        D        E       F      G
               +--------+--------+--------+--------+--------+-----+--------+
         Total |   3193 |   3113 |     80 |   1201 |   1493 |   3 | 1064.3 |
       Dungeon |   3193 |   3113 |     80 |   1201 |   1493 |   3 | 1064.3 |
               +--------+--------+--------+--------+--------+-----+--------+

Top non-repeatable levels by time:
     D:1: 1408 daAuts
     D:2: 1112 daAuts
     D:3: 672 daAuts
